 Dungeon Crawl Stone Soup version 0.18.1-5-g4a78601 (webtiles) character file.

32 jacquesderrida the Poker (level 3, 0/27 HPs)
             Began as a Demonspawn Skald on May 14, 2016.
             Slain by an adder (1 damage)
             ... on level 2 of the Dungeon.
             The game lasted 00:01:04 (530 turns).

jacquesderrida the Poker (Demonspawn Skald)          Turns: 530, Time: 00:01:05

Health: 0/27       AC:  7    Str:  9 (12) XL:     3   Next: 8%
Magic:  0/6        EV: 11    Int: 12 (13) God:
Gold:   89         SH:  0    Dex: 12 (13) Spells: 1 memorised, 5 levels left

rFire  . . .     SeeInvis .     a - +0 spear
rCold  . . .     Gourm    .     e - troll hide
rNeg   . . .     Faith    .     (no shield)
rPois  .         Spirit   +     (no helmet)
rElec  .         Dismiss  .     (no cloak)
rCorr  .         Reflect  .     g - +0 pair of gloves
SustAt .         Harm     .     (no boots)
MR     .....                    (no amulet)
Stlth  +.........               (no ring)
                                (no ring)

@: lethally poisoned (0 -> -1), not resistant to hostile enchantments, very
unstealthy
A: iridescent scales 1, magic shield
a: no special abilities


You were on level 2 of the Dungeon.
You were not hungry.

You visited 1 branch of the dungeon, and saw 2 of its levels.

You collected 89 gold pieces.

Inventory:

Hand Weapons
 a - a +0 spear (weapon)
Armour
 b - a +0 leather armour
 e - a troll hide (worn)
 g - a +0 pair of gloves (worn)
Scrolls
 h - a scroll of fog {unknown}
Books
 c - a book of Battle

   Spells                             Type                      Level
   a - Infusion                       Charms                       1
   b - Shroud of Golubria             Charms/Translocation         2
   c - Song of Slaying                Charms                       2
   d - Spectral Weapon                Hexes/Charms                 3
   e - Regeneration                   Charms/Necromancy            3
Comestibles
 d - 2 bread rations
 i - a beef jerky


   Skills:
 - Level 2.0 Fighting
 + Level 3.2 Polearms
 - Level 0.8 Armour
 - Level 0.8 Dodging
 - Level 2.0 Spellcasting
 - Level 2.6 Charms


You had 5 spell levels left.
You knew the following spells:

 Your Spells              Type           Power        Failure   Level  Hunger
a - Infusion              Chrm           #...         14%         1    ##.....


Dungeon Overview and Level Annotations

Branches:
Dungeon (2/15)

Altars:

Annotations:
D:2 Robin


Innate Abilities, Weirdness & Mutations

You are partially covered in iridescent scales (AC +4).
When hurt, damage is shared between your health and your magic reserves.


Message History

* * * LOW HITPOINT WARNING * * *
The goblin hits you but does no damage.
You hit the hobgoblin.
You kill the hobgoblin!
The goblin hits you but does no damage.
A goblin comes into view. It is wielding a club.
Unknown command.
The goblin shouts! x2
You hit the goblin.
The goblin is severely wounded.
The adder bites you.
* * * LOW HITPOINT WARNING * * *
You are lethally poisoned!
The adder poisons you!
The goblin moves out of view.
The goblin hits you but does no damage. The adder bites you but does no damage.
You hit the adder.
The adder is severely wounded.
* * * LOW HITPOINT WARNING * * *
You feel sick. The adder bites you.
You die...

## #. ###### #. #....# #.
#....# #. #....#
########### #.
####...w####.........#####.
....g..SsS@g.........+.....
#......g####.........#####<
#.......# #.........# ##
#.......# #.........######
#g....### #.........##....
...... #...............
##.##. #............(.. #.
# #.............[. .
#...............


You could see a worm, Robin, 2 adders, a giant cockroach and 2 goblins.

Vanquished Creatures
  A giant gecko (D:1)
  A giant cockroach (D:1)
  9 goblins
  8 hobgoblins
  A bat (D:1)
  A giant newt (D:1)
  5 rats
26 creatures vanquished.

Notes
Turn   | Place    | Note
--------------------------------------------------------------
     0 | D:1      | jacquesderrida the Demonspawn Skald began the quest for the Orb.
     0 | D:1      | Reached XP level 1. HP: 16/16 MP: 3/3
    54 | D:1      | Reached skill level 2 in Polearms
   171 | D:1      | Gained mutation: You are partially covered in iridescent scales (AC +4). [demonic ancestry]
   171 | D:1      | Reached XP level 2. HP: 22/22 MP: 5/5
   443 | D:2      | Reached skill level 3 in Polearms
   453 | D:2      | Gained mutation: When hurt, damage is shared between your health and your magic reserves. [demonic ancestry]
   453 | D:2      | Reached XP level 3. HP: 24/27 MP: 1/6
   515 | D:2      | Noticed Robin
   530 | D:2      | HP: 1/27 [poisoned by an adder]
   530 | D:2      | Slain by an adder

Skill      XL: |  1  2 |
---------------+-------+-----
Polearms       | 2 3 |  3.2
Fighting       | |  2.0
Armour         | |  0.8
Dodging        | |  0.8
Spellcasting   | |  2.0
Charms         | |  2.6

Action                   || total
-------------------------++-------
Melee: Spear             ||    97
 Cast: Infusion          ||     1
  Use: Potion            ||     2
 Stab: Sleeping          ||     1
Armor: Leather armour    ||    20
       Troll hide        ||    14
Dodge: Dodged            ||    48
